[Event "Charlotte Spring IM-B 2024"]
[Site "Charlotte"]
[Date "2024.03.31"]
[Round "7.2"]
[White "Chirilov, James A"]
[Black "Tang, Benjamin"]
[Result "1-0"]
[ECO "C10"]
[WhiteElo "2082"]
[BlackElo "2324"]
[Annotator "RC"]
[PlyCount "117"]
[EventDate "2024.03.27"]
[EventType "tourn"]
[EventCountry "USA"]
[SourceTitle "playchess.com"]
[Source "ChessBase"]
[SourceQuality "1"]
[TimeControl "5400+30"]

1. e4 e6 2. d4 d5 3. Nc3 Nf6 4. Bg5 dxe4 5. Nxe4 Nbd7 6. Nf3 h6 7. Nxf6+ Nxf6 8. Be3 Bd6 9. Bd3 O-O 10. Qe2 b6 11. O-O-O Bb7 12. Rhg1 Nd5 13. g4 Nf4 14. Bxf4 Bxf4+ 15. Kb1 Qd5 16. Ne5 Bxh2 17. g5 Bxg1 18. Rxg1 Qxd4 19. gxh6 g6 20. Nxg6 fxg6 21. Qxe6+ Kh8 22. Qxg6 Qd7 23. Qg7+ Qxg7 24. hxg7+ Kg8 25. gxf8=Q+ Kxf8 26. Bc4 Ke7 27. Re1+ Kd6 28. Re6+ Kc5 29. Re7 Kd6 30. Rf7 Rh8 31. Kc1 Rh4 32. b3 a6 33. a4 Rh5 34. Kd2 Bd5 35. Bxd5 Rxd5+ 36. Ke2 Rc5 37. Kd3 Rd5+ 38. Kc3 Rc5+ 39. Kb2 a5 40. c3 Re5 41. Kc2 Re2+ 42. Kd3 Rb2 43. Kc4 Kc6 44. f4 Kd6 45. f5 Rf2 46. Kd4 Rf4+ 47. Ke3 Rf1 48. Ke4 Rb1 49. f6 Rxb3 50. Rxc7 Rb1 51. Rb7 Kc6 52. Rb8 Rf1 53. Ke5 Kc7 54. Rg8 Kd7 55. Ra8 Rf2 56. f7 Rxf7 57. Ra7+ Ke8 58. Rxf7 Kxf7 59. Kd5 1-0

[Event "Charlotte Spring IM-B 2024"]
[Site "Charlotte"]
[Date "2024.03.31"]
[Round "7.5"]
[White "Narayanan, Samrug"]
[Black "Castillo Coca, Mairebis"]
[Result "1-0"]
[ECO "B30"]
[WhiteElo "2343"]
[BlackElo "2043"]
[Annotator "RC"]
[PlyCount "71"]
[EventDate "2024.03.27"]
[EventType "tourn"]
[EventCountry "USA"]
[SourceTitle "playchess.com"]
[Source "ChessBase"]
[SourceQuality "1"]
[TimeControl "5400+30"]

1. e4 c5 2. Nf3 Nc6 3. Bb5 Nd4 4. Nxd4 cxd4 5. O-O a6 6. Ba4 e6 7. c3 Bc5 8. cxd4 Bxd4 9. Nc3 b5 10. Bc2 g6 11. Ne2 Bg7 12. d4 d6 13. a4 Bb7 14. Bd3 b4 15. a5 Nf6 16. f3 Rb8 17. Bd2 O-O 18. Ra4 b3 19. Rb4 Bc6 20. Qxb3 Rxb4 21. Qxb4 Qb8 22. Qxb8 Rxb8 23. b4 Bb7 24. Rb1 Rc8 25. b5 axb5 26. Bxb5 Ra8 27. Ra1 Ba6 28. Bxa6 Rxa6 29. Rb1 Kf8 30. Rb6 Ra8 31. Rxd6 Ke8 32. Nc1 Nd7 33. Nd3 Bf8 34. Rc6 Kd8 35. a6 Bg7 36. e5 1-0

[Event "Charlotte Spring IM-B 2024"]
[Site "Charlotte"]
[Date "2024.03.31"]
[Round "8.2"]
[White "Bregadze, Levan"]
[Black "Narayanan, Samrug"]
[Result "1/2-1/2"]
[ECO "D31"]
[WhiteElo "2435"]
[BlackElo "2343"]
[Annotator "TA"]
[PlyCount "79"]
[EventDate "2024.03.27"]
[EventType "tourn"]
[EventCountry "USA"]
[SourceTitle "playchess.com"]
[Source "ChessBase"]
[SourceQuality "1"]
[TimeControl "5400+30"]

1. d4 d5 2. c4 e6 3. Nc3 Be7 4. cxd5 exd5 5. Bf4 c6 6. e3 Bf5 7. g4 Be6 8. h4 Bxh4 {[%emt 0:02:10] D31: Queen's Gambit Declined: Semi-Slav without ...Nf6 (+ Marshall Gambit and Noteboom) and Exchange Variation lines without ...Nf6.} 9. Qb3 g5 10. Bh2 Qb6 11. Nf3 Nd7 $146 ({Predecessor:} 11... Bxg4 12. Nxh4 Qxb3 13. axb3 gxh4 14. Be5 f6 15. Bxb8 Rxb8 16. Rxh4 h5 17. Rxa7 Ne7 {½-½ Tabatabaei,M (2345)-Aghasaryan,R (2502) Jermuk Asrian Memorial 7th 2014 (3)}) 12. Qc2 Bxg4 13. Nxh4 gxh4 14. Be2 Bxe2 15. Qxe2 Ngf6 16. O-O-O Qb4 17. Kb1 Qe7 18. Ka1 Rg8 19. e4 Nf8 (19... Nxe4 $6 20. Rde1 $14) 20. Rhe1 (20. Qc2 $11 {might be stronger.} Nxe4 21. Nxe4 dxe4 (21... Qxe4 $2 22. Rde1 $18) 22. d5) 20... O-O-O $1 $15 21. Nb5 ({White should try} 21. f3 $11) 21... Ne6 (21... cxb5 22. Rc1+ Kd7 23. Qxb5+ Ke6 24. exd5+ Kf5 25. d6+ (25. Rxe7 Rg3 $18) 25... Kg6 26. Rg1+ (26. Rxe7 Kh6 $18) (26. dxe7 Kg7 27. exd8=Q Ng6 28. Qd6 h6 29. Be5 Kh7 30. Qxf6 h5 31. Qe2 Nf4 32. Qxf7+ Kh6 33. Bxf4+ Rg5 34. Qexh5#) (26. Rxe7 Ne6 $18) (26. dxe7 Rxd4 27. Rg1+ Ng4 28. e8=Q h5 29. Qbe5 Kh6 30. Qxd4 h3 31. Qxf7 Nh7 32. Bf4+ Ng5 33. Bxg5+ Rxg5 34. Qh8#)) (21... Qxe4 $2 22. Qd2 Qg4 23. Nxa7+ Kd7 24. Qb4 $18) (21... Nxe4 22. f3 (22. Nxa7+ Kd7 $18) 22... f5 23. fxe4 (23. Nxa7+ Kd7 $14) 23... fxe4 24. Rg1 $16 (24. Nxa7+ Kd7 $14)) (21... dxe4 22. Nxa7+ Kd7 23. d5 Nxd5 (23... cxd5 24. Rxd5+ Nxd5 25. Qb5+ Ke6 26. Rxe4+ Kf6 27. Rxe7 $18) 24. Rxd5+ cxd5 25. Qb5+ Ke6 26. Rxe4+ dxe4 27. Qe5+ Kd7 28. Qb5+ Ke6 29. Qe5+ Kd7 30. Qb5+ Ke6 $11) (21... a6 $1 $15 22. Qf3 Nxe4 (22... cxb5 23. Rc1+ Kd7 24. Rc7+ Ke8 25. Rxe7+ Kxe7 26. exd5+ Ne6 27. dxe6 fxe6 28. Qf5) (22... axb5 23. exd5 Ne6 24. d6 $16) 23. Na7+ Kd7) 22. Nxa7+ (22. exd5 $1 $11 Rxd5 (22... Nxd5 23. Qe5 $11) 23. Nc3) 22... Kd7 $17 23. exd5 Nxd5 24. Nb5 $1 Ke8 (24... cxb5 $2 {loses.} 25. Qxb5+ Kc8 26. Rc1+ Ndc7 27. Qa5 $18 (27. Bxc7 Qxc7 28. Rxc7+ Nxc7 $18) (27. Bxc7 Qxc7 28. Rxc7+ Nxc7 $18)) (24... Rg2 $1 $17 25. Be5 f6 (25... cxb5 $2 26. Qxb5+ Kc8 27. Rc1+ Nec7 28. Bxc7 $18)) 25. Nc3 $15 Nxc3 26. bxc3 Rg6 27. Be5 Qg5 (27... Qa3 $11 28. Qc2 Kf8) 28. Qb2 (28. c4 $16) 28... Rd7 $2 {[%emt 0:00:00] [#]} (28... Kf8 $11) 29. c4 $2 (29. f4 $1 $18 Qh5 30. d5) 29... f6 $11 30. Bb8 Kf7 $1 31. d5 $1 cxd5 32. Rxd5 Rxd5 33. Qxb7+ Kg8 34. Qxd5 ({But not} 34. cxd5 Qd2 35. Qc8+ Nf8 $17) 34... Qxd5 35. cxd5 Nf8 36. Bc7 h3 37. Bg3 Rg4 38. Rh1 Rd4 39. d6 f5 40. Rxh3 1/2-1/2

[Event "Charlotte Spring IM-B 2024"]
[Site "Charlotte"]
[Date "2024.03.31"]
[Round "8.3"]
[White "Lima, Darcy"]
[Black "Becerra Rivero, Julio"]
[Result "1/2-1/2"]
[ECO "C95"]
[WhiteElo "2364"]
[BlackElo "2411"]
[Annotator "TA"]
[PlyCount "22"]
[EventDate "2024.03.27"]
[EventType "tourn"]
[EventCountry "USA"]
[SourceTitle "playchess.com"]
[Source "ChessBase"]
[SourceQuality "1"]
[TimeControl "5400+30"]

1. e4 e5 2. Nf3 Nc6 3. Bb5 a6 4. Ba4 Nf6 5. O-O Be7 6. Re1 b5 7. Bb3 d6 8. c3 O-O 9. h3 Nb8 10. d4 Nbd7 11. Nbd2 Bb7 {[%emt 0:00:43] Weighted Error Value: White=0.00 (flawless) /Black=0.01 (flawless) .  OK:         	White=1     	Black=1} 1/2-1/2

[Event "Charlotte Spring IM-B 2024"]
[Site "Charlotte"]
[Date "2024.03.31"]
[Round "8.4"]
[White "Tang, Benjamin"]
[Black "Nandhakumar, Vaseegaran"]
[Result "0-1"]
[ECO "B48"]
[WhiteElo "2324"]
[BlackElo "2251"]
[Annotator "ChessBase"]
[PlyCount "80"]
[EventDate "2024.03.27"]
[EventType "tourn"]
[EventCountry "USA"]
[SourceTitle "playchess.com"]
[Source "ChessBase"]
[SourceQuality "1"]
[TimeControl "5400+30"]

1. e4 c5 2. Nf3 e6 3. d4 cxd4 4. Nxd4 Nc6 5. Nc3 Qc7 6. Be3 a6 7. Qd2 Nf6 8. f4 Bb4 9. Bd3 Na5 10. a3 Bxc3 11. Qxc3 Qxc3+ 12. bxc3 d5 13. exd5 exd5 14. Nb3 Nc4 15. Bd4 Ne4 16. O-O O-O 17. Rfe1 Ncd6 18. Nc5 Bf5 19. Rab1 b5 20. a4 Rfc8 21. Nxe4 dxe4 22. Bf1 bxa4 23. Ra1 Bd7 24. Rad1 Bb5 25. Be5 Nc4 26. Rxe4 a3 27. Bd4 a2 28. f5 Nd2 29. Rg4 Bxf1 30. Rxg7+ Kf8 31. Rxh7 Ke7 32. c4 Rxc4 33. Re1+ Kd6 34. Rh6+ Kd7 35. Bf6 Re4 36. Rd1 Re2 37. Rh4 Rxg2+ 38. Kh1 Rag8 39. Bd4 Kc8 40. Rf4 Be2 0-1

[Event "Charlotte Spring IM-B 2024"]
[Site "Charlotte"]
[Date "2024.03.31"]
[Round "8.5"]
[White "Jiang, Andrew"]
[Black "Chirilov, James A"]
[Result "1/2-1/2"]
[ECO "B22"]
[WhiteElo "2181"]
[BlackElo "2082"]
[Annotator "ChessBase"]
[PlyCount "83"]
[EventDate "2024.03.27"]
[EventType "tourn"]
[EventCountry "USA"]
[SourceTitle "playchess.com"]
[Source "ChessBase"]
[SourceQuality "1"]
[TimeControl "5400+30"]

1. e4 c5 2. c3 Nf6 3. e5 Nd5 4. Nf3 d6 5. Bb5+ Bd7 6. Bc4 e6 7. d4 cxd4 8. Bxd5 exd5 9. O-O Nc6 10. Re1 Be6 11. exd6 Bxd6 12. Nxd4 O-O 13. Be3 Qh4 14. Nf3 Qh5 15. Nbd2 Rad8 16. Qa4 Bg4 17. h3 Bd7 18. Qh4 Qg6 19. Nb3 Rfe8 20. Qg5 Qc2 21. Rab1 h6 22. Qh5 a5 23. Bb6 Rxe1+ 24. Rxe1 Re8 25. Qxd5 Rxe1+ 26. Nxe1 Qb1 27. Qxd6 Qxe1+ 28. Kh2 Be6 29. Nc5 Bxa2 30. Nxb7 Ne7 31. Nxa5 Nf5 32. Qf4 Qe6 33. Bc5 g5 34. Qb8+ Kh7 35. b4 Bd5 36. c4 Bxg2 37. Kxg2 Qe4+ 38. Kg1 Nh4 39. Qg3 Nf3+ 40. Kh1 Qe2 41. Kg2 Ne1+ 42. Kh1 1/2-1/2

[Event "Charlotte Spring IM-B 2024"]
[Site "Charlotte"]
[Date "2024.03.31"]
[Round "9.1"]
[White "Chirilov, James A"]
[Black "Diaz Charpentier, Kristel Meliss"]
[Result "1/2-1/2"]
[ECO "B35"]
[WhiteElo "2082"]
[BlackElo "1990"]
[Annotator "RC"]
[PlyCount "90"]
[EventDate "2024.03.27"]
[EventType "tourn"]
[EventCountry "USA"]
[SourceTitle "playchess.com"]
[Source "ChessBase"]
[SourceQuality "1"]
[TimeControl "5400+30"]

1. e4 c5 2. Nf3 Nc6 3. d4 cxd4 4. Nxd4 g6 5. Nc3 Bg7 6. Be3 Nf6 7. Bc4 O-O 8. f3 Qb6 9. Bb3 Nxe4 10. Nd5 Qa5+ 11. c3 Nc5 12. Nxc6 dxc6 13. Nxe7+ Kh8 14. Nxc8 Raxc8 15. O-O Rcd8 16. Qc2 Rfe8 17. Bf2 Kg8 18. Rfe1 a6 19. Bc4 Qa4 20. b3 Qa3 21. Rad1 b5 22. Bf1 Ne6 23. g3 Qe7 24. f4 Qf6 25. Re5 Rxd1 26. Qxd1 Rd8 27. Qe2 g5 28. Re4 gxf4 29. gxf4 Qg6+ 30. Bg3 Bxc3 31. Bh3 Rd1+ 32. Qxd1 Qxe4 33. Bg2 Qd4+ 34. Qxd4 Nxd4 35. Kf1 Kg7 36. Be4 f5 37. Bd3 Kf6 38. Kg2 Ke6 39. Bf2 c5 40. Bxd4 Bxd4 41. Kf3 Bg1 42. h3 Bd4 43. Ke2 Bf6 44. Ke3 h6 45. Ke2 Bd4 1/2-1/2

[Event "Charlotte Spring IM-B 2024"]
[Site "Charlotte"]
[Date "2024.03.31"]
[Round "9.2"]
[White "Nandhakumar, Vaseegaran"]
[Black "Jiang, Andrew"]
[Result "0-1"]
[ECO "C36"]
[WhiteElo "2251"]
[BlackElo "2181"]
[Annotator "RC"]
[PlyCount "56"]
[EventDate "2024.03.27"]
[EventType "tourn"]
[EventCountry "USA"]
[SourceTitle "playchess.com"]
[Source "ChessBase"]
[SourceQuality "1"]
[TimeControl "5400+30"]

1. e4 e5 2. f4 d5 3. exd5 exf4 4. Nf3 Nf6 5. Bb5+ Bd7 6. Bxd7+ Qxd7 7. O-O Be7 8. c4 c6 9. dxc6 Nxc6 10. d4 Nxd4 11. Nxd4 O-O-O 12. Rxf4 Bc5 13. Be3 Rhe8 14. b4 Rxe3 15. bxc5 Ne4 16. Na3 g5 17. Rf5 Qxf5 18. Nxf5 Rxd1+ 19. Rxd1 Rxa3 20. Re1 Nxc5 21. Nd6+ Kd7 22. Nxf7 Rxa2 23. Nxg5 h6 24. Nf7 h5 25. h4 a5 26. Re5 Ne6 27. g3 Nd4 28. Rxh5 Ne2+ 0-1

[Event "Charlotte Spring IM-B 2024"]
[Site "Charlotte"]
[Date "2024.03.31"]
[Round "9.3"]
[White "Becerra Rivero, Julio"]
[Black "Tang, Benjamin"]
[Result "1-0"]
[ECO "C13"]
[WhiteElo "2411"]
[BlackElo "2324"]
[Annotator "RC"]
[PlyCount "129"]
[EventDate "2024.03.27"]
[EventType "tourn"]
[EventCountry "USA"]
[SourceTitle "playchess.com"]
[Source "ChessBase"]
[SourceQuality "1"]
[TimeControl "5400+30"]

1. e4 e6 2. d4 d5 3. Nc3 Nf6 4. Bg5 dxe4 5. Nxe4 Be7 6. Bxf6 gxf6 7. Nf3 f5 8. Nc3 a6 9. g3 b5 10. Bg2 Bb7 11. O-O O-O 12. Qe2 c5 13. Rad1 Qc7 14. Qe3 cxd4 15. Nxd4 Bxg2 16. Kxg2 Bf6 17. Kg1 b4 18. Nce2 Nc6 19. Nf3 Ne5 20. c3 bxc3 21. bxc3 Nxf3+ 22. Qxf3 Rfd8 23. Rd3 Qc4 24. Rfd1 Qe4 25. Qxe4 fxe4 26. Rxd8+ Bxd8 27. Rd4 f5 28. Rd7 Bf6 29. Nd4 Bxd4 30. cxd4 a5 31. d5 Ra6 32. dxe6 Rxe6 33. Rd5 a4 34. Rxf5 e3 35. fxe3 Rxe3 36. Kg2 Kg7 37. Rf3 Re2+ 38. Rf2 Re3 39. Kh3 a3 40. Kg4 Re4+ 41. Kf5 Rb4 42. Rf3 Rb2 43. Rxa3 Rxh2 44. Ra7+ Kf8 45. a4 Ra2 46. a5 h5 47. a6 Ra3 48. Kf6 Rf3+ 49. Ke6 Rxg3 50. Rf7+ Kg8 51. a7 Re3+ 52. Kf6 Rf3+ 53. Kg6 Rg3+ 54. Kxh5 Kxf7 55. a8=Q Rg7 56. Qc6 Rg8 57. Qd5+ Kg7 58. Kg5 Kh8+ 59. Kf5 Kh7 60. Qf7+ Kh8 61. Qh5+ Kg7 62. Qg6+ Kf8 63. Qf6+ Ke8 64. Ke6 Rf8 65. Qe7# 1-0

[Event "Charlotte Spring IM-B 2024"]
[Site "Charlotte"]
[Date "2024.03.31"]
[Round "9.4"]
[White "Narayanan, Samrug"]
[Black "Lima, Darcy"]
[Result "0-1"]
[ECO "B07"]
[WhiteElo "2343"]
[BlackElo "2364"]
[Annotator "RC"]
[PlyCount "102"]
[EventDate "2024.03.27"]
[EventType "tourn"]
[EventCountry "USA"]
[SourceTitle "playchess.com"]
[Source "ChessBase"]
[SourceQuality "1"]
[TimeControl "5400+30"]

1. e4 d6 2. d4 Nf6 3. Nc3 g6 4. Be3 a6 5. a4 Nbd7 6. Nf3 Bg7 7. h3 O-O 8. a5 b5 9. axb6 cxb6 10. Bd3 Bb7 11. O-O e6 12. Re1 b5 13. Qd2 b4 14. Ne2 Bxe4 15. Bxe4 Nxe4 16. Qxb4 d5 17. Nd2 a5 18. Qa3 Nxd2 19. Bxd2 Qc7 20. Qd3 a4 21. b3 axb3 22. cxb3 Qb7 23. Rxa8 Rxa8 24. b4 Nb6 25. Rb1 Nc4 26. Be1 Qb5 27. Qd1 Ra3 28. Nc1 Nd6 29. Nb3 Qc4 30. Bd2 h5 31. Be3 Qxb4 32. Nc5 Qc3 33. g4 hxg4 34. Qxg4 Ra1 35. Rxa1 Qxa1+ 36. Kh2 Nf5 37. Nxe6 fxe6 38. Qxg6 Qa6 39. Qe8+ Kh7 40. Qh5+ Kg8 41. Qe8+ Bf8 42. h4 Qd6+ 43. Kh3 Qe7 44. Qg6+ Bg7 45. h5 Qh4+ 46. Kg2 Nxe3+ 47. fxe3 Qe4+ 48. Kf2 Qxg6 49. hxg6 Bh6 50. Kf3 Kg7 51. e4 Kxg6 0-1

[Event "Charlotte Spring IM-B 2024"]
[Site "Charlotte"]
[Date "2024.03.31"]
[Round "9.5"]
[White "Castillo Coca, Mairebis"]
[Black "Bregadze, Levan"]
[Result "0-1"]
[ECO "D05"]
[WhiteElo "2043"]
[BlackElo "2435"]
[Annotator "TA"]
[PlyCount "52"]
[EventDate "2024.03.27"]
[EventType "tourn"]
[EventCountry "USA"]
[SourceTitle "playchess.com"]
[Source "ChessBase"]
[SourceQuality "1"]
[TimeControl "5400+30"]

1. d4 Nf6 2. Nf3 c5 3. e3 e6 4. Nbd2 d5 5. b3 Nc6 6. Bb2 Bd6 7. Bd3 cxd4 8. exd4 O-O 9. O-O Qc7 10. a3 b6 11. Re1 Bb7 12. Ne5 Rac8 {[%emt 0:00:39] White has an edge.} 13. Qf3 Ne7 14. h4 {[%emt 0:03:10] [#]} (14. Rac1 $11) 14... Ne4 $1 $15 15. Rad1 (15. Nxe4 dxe4) 15... f6 16. Nec4 Bh2+ ({Don't play} 16... dxc4 $6 17. Bxe4 Nd5 18. bxc4 $14 (18. Nxc4 Bh2+ 19. Kh1 f5 $11)) 17. Kh1 f5 {[%emt 0:03:51] Black is more active.} ({Worse is} 17... dxc4 18. Bxe4 Nd5 (18... Bxe4 $2 19. Qxe4 c3 20. Qxe6+ Kh8 21. Bxc3 $18) 19. bxc4 $16) 18. Ne5 Bxe5 19. dxe5 Ng6 $36 {[%emt 0:00:18][%csl LRe5,LRh4][%mdl 2048] Black has strong initiative.} 20. h5 {[%emt 0:03:17] This move loses the game for White.} (20. Kg1 $17 {was worth a try.}) 20... Nxe5 $19 21. Bxe5 Qxe5 22. Kg1 Qf6 {[%emt 0:04:48] White must now prevent ...Nc3.} 23. Qh3 $2 {[%emt 0:02:58] [#]} (23. Qe3) 23... e5 {[%emt 0:02:07] And now ...Ng5 would win.} 24. c4 Nc3 {[%emt 0:00:32] Black is winning.} 25. Rc1 e4 26. Bf1 d4 {[%emt 0:00:05] Weighted Error Value: White=0.41/Black=0.15 (very precise) .  Mistake:       	White=3     	---        Inaccurate:     	White=3     	---        OK:         	White=4     	Black=7      Best:        	White=1     	Black=3      Brilliant:      	---       	Black=1} 0-1